 Dungeon Crawl Stone Soup version 0.31-a0-233-g139696dc86 (webtiles) character file.

Game seed: 6646766561202739665

859 Midn8 the Conjurer (level 8, -5/52 HPs)
             Began as an Octopode Conjurer on July 10, 2023.
             Was a Believer of Fedhas.
             Slain by Duvessa
             ... wielding a +0 short sword
              (15 damage)
             ... on level 5 of the Dungeon.
             The game lasted 00:15:29 (6372 turns).

Midn8 the Conjurer (Octopode Conjurer)              Turns: 6372, Time: 00:15:30

Health: -5/52      AC:  1    Str:  7    XL:     8   Next: 2%
Magic:  14/14      EV: 13    Int: 22    God:    Fedhas [**....]
Gold:   273        SH:  0    Dex: 10    Spells: 5/15 levels left

rFire   . . .        v - +0 short sword (vamp)
rCold   . . .        (no shield)
rNeg    . . .        (helmet restricted)
rPois   .            e - amulet of faith
rElec   .            c - ring of resist corrosion
rCorr   +            (no ring)
SInv    .            (no ring)
Will    .....        (no ring)
Stlth   +++          (no ring)
HPRegen 0.28/turn    (no ring)
MPRegen 0.14/turn    (no ring)
                     (no ring)

%: faith
@: no status effects
A: almost no armour, amphibious, 8 rings, camouflage 1, gelatinous body 1,
(nimble swimmer 1), tentacles
a: Renounce Religion, Wall of Briars


You were on level 5 of the Dungeon.
You worshipped Fedhas.
Fedhas was pleased with you.
You visited 1 branch of the dungeon, and saw 5 of its levels.

You collected 296 gold pieces.
You spent 23 gold pieces at shops.

Inventory:

Hand Weapons
 h - a +0 short sword
 v - a +0 vampiric short sword (weapon)
Missiles
 f - 9 poisoned darts
 p - 12 boomerangs
 t - 2 throwing nets
Jewellery
 c - a ring of resist corrosion (left tentacle)
 e - an amulet of faith (around mantle)
 i - an amulet of guardian spirit
 s - a ring of fire
Wands
 m - a wand of charming (13)
 n - a wand of polymorph (2)
Scrolls
 d - 4 scrolls of immolation
 q - 3 scrolls of teleportation
 w - 2 scrolls of blinking {unknown}
 y - 2 scrolls of enchant weapon {unknown}
 z - 3 scrolls of fear {unknown}
 A - a scroll of amnesia {unknown}
Potions
 a - a potion of magic
 b - 3 potions of curing
 g - a potion of ambrosia {unknown}
 j - 4 potions of cancellation
 k - 2 potions of heal wounds
 l - 2 potions of might
 o - a potion of brilliance {unknown}
 r - a potion of haste {unknown}
 u - 2 potions of resistance {unknown}
 x - 3 potions of lignification


   Skills:
 - Level 3.0 Fighting
 - Level 2.0 Dodging
 - Level 2.6 Stealth
 - Level 4.0 Spellcasting
 - Level 6.0 Conjurations
 + Level 3.7 Hexes
 - Level 4.0 Invocations


You had 5 spell levels left.
You knew the following spells:

 Your Spells              Type           Power      Damage    Failure   Level
a - Magic Dart            Conj           100%       1d8       1%          1
d - Dazzling Flash        Conj/Hex       50%        N/A       4%          3
f - Fulminant Prism       Conj/Hex       12%        3d9       16%         4
s - Searing Ray           Conj           60%        2d6       1%          2

Your spell library contained the following spells:

 Spells                   Type           Power      Damage    Failure   Level
 Static Discharge         Conj/Air       34%        2-4/arc   4%          2
 Ensorcelled Hibernation  Hex/Ice        24%        N/A       8%          2
 Necrotise                Necr           16%        1d4       11%         1
 Summon Small Mammal      Summ           16%        N/A       11%         1
 Summon Guardian Golem    Hex/Summ       12%        N/A       16%         3
 Passwall                 Tmut/Erth      3%         N/A       17%         2
 Call Canine Familiar     Summ           4%         N/A       32%         3
 Swiftness                Air            4%         N/A       32%         3
 Vampiric Draining        Necr           4%         2d6       32%         3
 Iskenderun's Mystic Bla  Conj/Tloc      17%        2d5       32%         4
 Airstrike                Air            2%         2d(1-17)  73%         4
 Manifold Assault         Tloc           4%         N/A       73%         4
 Summon Lightning Spire   Summ/Air       4%         N/A       73%         4
 Agony                    Necr           4%         N/A       97%         5
 Dispersal                Tloc           2%         N/A       100%        6
 Disjunction              Tloc           2%         N/A       100%        8


Dungeon Overview and Level Annotations

Branches:
Dungeon (5/15)             Temple (0/1) D:5

Altars:
Fedhas
Gozag
Kikubaaqudgha
Nemelex Xobeh
Okawaru
Ru
Wu Jian
The Shining One

Shops:
D:1 *=

Annotations:
D:5 6 exclusions, Duvessa


Innate Abilities, Weirdness & Mutations

You cannot wear most types of armour.
You are amphibious.
You can wear up to eight rings at the same time.
Your skin changes colour to match your surroundings (Stealth+).
Your rubbery body absorbs attacks. (AC +1, EV +1)
((You are camouflaged when in or above water. (Stealth+)))
You have tentacles for arms and can constrict up to eight enemies at once.


Message History

Aim: Duvessa, wielding a +0 short sword and wearing a +1 scale mail of cold resistance (berserk, chance to affect: 31%) Duvessa is charmed.
Press: ? - help, v - describe, . - travel
Here: Duvessa, wielding a +0 short sword and wearing a +1 scale mail of cold resistance (charmed, berserk, friendly)
The floor.
Duvessa rages.
What are your orders? t - Shout!
Orders for allies: a - Attack new target. p - Attack previous target. r - Retreat! s - Stop attacking. g - Guard the area. f - Follow me.
Anything else - Cancel.
Retreat in which direction?
Press: ? - help, Dir - move target, p - Duvessa Fall back!
Duvessa rages.
Aiming: Polymorph
Press: ? - help, Shift-Dir - straight line, f - Duvessa
Aim: Duvessa, wielding a +0 short sword and wearing a +1 scale mail of cold resistance (charmed, berserk, friendly, will become a scorpion, a hound, or a wolf, chance to affect: 31%) Really fire at your ally Duvessa?
Duvessa is no longer charmed.
Duvessa easily resists.
Duvessa closely misses you.
Unknown command.
Unknown command.
Aiming: Polymorph
Press: ? - help, Shift-Dir - straight line, f/p - Duvessa
Aim: Duvessa, wielding a +0 short sword and wearing a +1 scale mail of cold resistance (berserk, will become a scorpion, a hound, or a wolf, chance to affect: 31%) Duvessa easily resists.
Duvessa hits you with a +0 short sword! Duvessa closely misses you.
Aiming: Polymorph
Press: ? - help, Shift-Dir - straight line, f/p - Duvessa
Aim: Duvessa, wielding a +0 short sword and wearing a +1 scale mail of cold resistance (berserk, will become a scorpion, a hound, or a wolf, chance to affect: 31%) Duvessa easily resists.
Duvessa hits you with a +0 short sword!
* * * LOW HITPOINT WARNING * * *
Aiming: Polymorph
Press: ? - help, Shift-Dir - straight line, f/p - Duvessa
Aim: Duvessa, wielding a +0 short sword and wearing a +1 scale mail of cold resistance (berserk, will become a scorpion, a hound, or a wolf, chance to affect: 31%) Duvessa easily resists.
Duvessa hits you with a +0 short sword!
You die...
Fedhas appreciates your contribution to the ecosystem.

###..#..# #.##.#####.#..⌠...⌠..#.
#....#'####.#....................
..._.#....#.#..#######.........#.
.....#....#.#..#.....##.##.##.##)
..#..#....#.#..###.###..#.....#.)
..####....#.#...........#.#>...[.
.^).......#.#..#....#.#.#.##.#...
...............###.<..#.#.##.#..#
...............e@....##.#.##.#...
..........#...........#.#.##.##÷#
..........#########...#.#.##.#.<#
..........# #........#.#.##.#..#
..........# #.####...#.#....#..#
########'## #.# #...#.######..#
#.# #.# #...#.# #..# ########.#
#.####...#.# #..# .........#
#........#.# #..#


You could see Duvessa (berserk).

Vanquished Creatures
  An ice beast (D:5)
  A wolf (D:5)
  An ogre (D:5)
  A phantom (D:5)
  Dowan (D:5)
  An orc priest (D:5)
  4 hounds
  4 iguanas
  An orc wizard (D:5)
  6 gnolls
  6 adders
  2 worms (D:3)
  2 dart slugs (D:1)
  7 orcs
  4 ball pythons
  3 bats
  5 endoplasms
  4 giant cockroaches
  8 goblins
  7 hobgoblins
  2 jackals (D:3)
  13 kobolds
  2 quokkas
  3 frilled lizards
  5 rats (D:1)
94 creatures vanquished.

Notes
Turn   | Place    | Note
-------+----------+-------------------------------------------
     0 | D:1      | Midn8 the Octopode Conjurer began the quest for the Orb.
     0 | D:1      | Reached XP level 1. HP: 11/11 MP: 3/3
   254 | D:1      | Found a faded altar of an unknown god.
   258 | D:1      | Reached XP level 2. HP: 17/17 MP: 3/5
   265 | D:1      | Prayed at the altar of an unknown god.
   265 | D:1      | Became a worshipper of the Shining One
   265 | D:1      | Reached * piety under the Shining One
   500 | D:1      | Learned a level 2 spell: Searing Ray
   725 | D:1      | Found Pyllobib's Jewellery Emporium.
   747 | D:1      | Reached XP level 3. HP: 21/21 MP: 7/7
  1137 | D:1      | Found Kavienid's Assorted Antiques.
  1141 | D:1      | Bought a scroll labelled LUDOOP NAIFAETH for 23 gold pieces
  1460 | D:2      | Reached XP level 4. HP: 27/27 MP: 2/8
  1573 | D:2      | Reached skill level 5 in Conjurations
  1809 | D:2      | Identified the +0 ring mail of the Eternal Void {Harm
                  | Dex+3}
  2408 | D:3      | Found an iron altar of Okawaru.
  2426 | D:3      | Found a sparkling altar of Nemelex Xobeh.
  2426 | D:3      | Found a blossoming altar of Fedhas.
  2434 | D:3      | Fell from the grace of the Shining One
  2434 | D:3      | Became a worshipper of Fedhas Madash
  3303 | D:4      | Reached XP level 5. HP: 31/31 MP: 3/9
  3420 | D:4      | Reached skill level 6 in Conjurations
  3544 | D:4      | Reached * piety under Fedhas
  3726 | D:4      | Reached skill level 1 in Fighting
  4266 | D:4      | Found an opulent altar of Gozag.
  4393 | D:5      | Entered Level 5 of the Dungeon
  4432 | D:4      | Reached XP level 6. HP: 27/41 MP: 3/10
  4533 | D:5      | Noticed an ice beast
  4593 | D:5      | Found a staircase to the Ecumenical Temple.
  4700 | D:5      | Noticed Edmund
  4703 | D:5      | Edmund changed into Edmund the wolf
  4703 | D:5      | Noticed Edmund
  4712 | D:5      | Killed Edmund the wolf
  4713 | D:5      | Reached skill level 1 in Invocations
  4913 | D:5      | Noticed Duvessa
  5306 | D:5      | Reached XP level 7. HP: 36/46 MP: 6/11
  5607 | D:5      | Learned a level 3 spell: Dazzling Flash
  5612 | D:5      | Learned a level 4 spell: Fulminant Prism
  5742 | D:5      | Found a sacrificial altar of Ru.
  5772 | D:5      | Reached skill level 1 in Hexes
  6034 | D:5      | Reached ** piety under Fedhas
  6209 | D:5      | Found an ornate altar of the Wu Jian Council.
  6243 | D:5      | Noticed Dowan
  6248 | D:5      | Killed Dowan
  6249 | D:5      | Reached XP level 8. HP: 52/52 MP: 8/14
  6291 | D:5      | Found an ancient bone altar of Kikubaaqudgha.
  6372 | D:5      | Slain by Duvessa

Illustrated notes

Levels and vault maps discovered:
D:1:      dpeg_arrival_ratfight, layout_loops_ring, serial_shops,
          nicolae_shop_back_alley_shop, shop, ebering_ecumenical_altar_rust
D:2:      layout_loops_ring, minivault_5
D:3:      layout_rooms, nicolae_overflow_crystal_walls, jmf_multi_god_temple
D:4:      layout_basic, grunt_gozag_breadcrumbs
D:5:      layout_basic, mainiacjoe_overflow_chevrons,
          mainiacjoe_overflow_alcove_1, mainiacjoe_overflow_alcove_2,
          minmay_temple_entry_large_hall, minmay_circle_x, uniq_edmund,
          uniq_duvessa

Skill      XL: |  1  2  3  4  5  6  7 |
---------------+----------------------+-----
Spellcasting   | 3 4 |  4.0
Conjurations   | 5 6 |  6.0
Fighting       | 2 3 |  3.0
Invocations    | 3 4 |  4.0
Hexes          | 3 |  3.7
Dodging        | |  2.0
Stealth        | |  2.6

Action                     |  1- 3 |  4- 6 |  7- 9 || total
---------------------------+-------+-------+-------++-------
  Melee: Unarmed           |    10 |       |       ||    10
         Constrict         |     6 |     1 |     2 ||     9
         Tentacles         |     5 |       |     1 ||     6
         Short sword       |     5 |     3 |     3 ||    11
   Cast: Magic Dart        |    57 |    94 |     9 ||   160
         Searing Ray       |     1 |    20 |     9 ||    30
         Dazzling Flash    |       |       |     1 ||     1
  Evoke: Wand              |       |     1 |    11 ||    12
    Use: Scroll            |     4 |     2 |     2 ||     8
 Armour: Skin              |     1 |     3 |       ||     4
  Dodge: Dodged            |     7 |    17 |     9 ||    33

Table legend: (Time is in decaauts)
 A = Elapsed time spent in this place.
 B = Non-inter-level travel time spent in this place.
 C = Inter-level travel time spent in this place.
 D = Time resting spent in this place.
 E = Time spent auto-exploring this place.
 F = Levels seen in this place.
 G = Mean time per level.
                   A        B        C        D        E       F      G
               +--------+--------+--------+--------+--------+-----+--------+
         Total |   6373 |   6085 |    288 |   2196 |   2962 |   5 | 1274.6 |
       Dungeon |   6373 |   6085 |    288 |   2196 |   2962 |   5 | 1274.6 |
               +--------+--------+--------+--------+--------+-----+--------+

Top non-repeatable levels by time:
     D:5: 1643 daAuts
     D:4: 1520 daAuts
     D:1: 1201 daAuts
     D:2: 1116 daAuts
     D:3: 891 daAuts
